 Dungeon Crawl Stone Soup version bcrawl-1.27.6 (webtiles) character file.

Game seed: 17540913978008897054

229164 Freyura the Ducker (level 7, -2/59 HPs)
             Began as a Gnoll Monk on Sept 26, 2020.
             Slain by a yak (4 damage)
             ... on level 4 of the Dungeon.
             The game lasted 00:08:14 (2790 turns).

Freyura the Ducker (Gnoll Monk)                     Turns: 2790, Time: 00:08:15

Health: -2/59      AC:  7    Str: 24    XL:     7   Next: 9%
Magic:  0/11       EV: 16    Int: 12    God:
Gold:   117        SH:  0    Dex: 18    Spells: 10/10 levels left

rFire    . . .     SeeInvis .   a - +0 mace
rCold    . . .     Gourm    .   (no shield)
rNeg     . . .     Faith    .   i - +0 ring mail
rPois    .         Spirit   +   c - +1 hat
rElec    .         Reflect  .   j - +0 cloak
rCorr    .         Harm     .   (no gloves)
MR       .....                  (no boots)
Stlth    ++++......             d - amulet of guardian spirit
HPRegen  0.19/turn              q - ring of stealth
MPRegen  0.12/turn              r - +4 ring of strength

@: mighty
A: distributed training, fangs 1, strong nose
a: no special abilities


You were on level 4 of the Dungeon.
You were hungry.

You visited 1 branch of the dungeon, and saw 4 of its levels.

You collected 117 gold pieces.

Inventory:

Hand Weapons
 a - a +0 mace (weapon)
Armour
 c - a +1 hat (worn)
 i - a +0 ring mail (worn)
 j - a +0 cloak (worn)
Jewellery
 d - an amulet of guardian spirit (around neck)
 q - a ring of stealth (left hand)
 r - a +4 ring of strength (right hand)
Scrolls
 f - 2 scrolls of remove curse
 k - 2 scrolls of teleportation {unknown}
 n - a scroll of fog
 o - a scroll of enchant armour
 p - a scroll of blinking
Potions
 b - 2 potions of curing
 g - 2 potions of lignification {unknown}
 h - a potion of degeneration {unknown}
 l - 2 potions of cancellation {unknown}
 m - a potion of might
Comestibles
 e - 10 rations {!d}


   Skills:
 + Level 6.9 Fighting
 + Level 2.2 Short Blades
 + Level 2.2 Long Blades
 + Level 2.2 Axes
 + Level 6.9 Maces & Flails
 + Level 2.2 Polearms
 + Level 2.2 Staves
 + Level 2.2 Slings
 + Level 2.2 Bows
 + Level 2.2 Crossbows
 + Level 2.2 Throwing
 + Level 2.2 Armour
 + Level 6.9 Dodging
 + Level 5.1 Stealth
 + Level 2.2 Shields
 + Level 2.2 Unarmed Combat
 + Level 2.2 Spellcasting
 + Level 1.8 Conjurations
 + Level 1.8 Hexes
 + Level 1.8 Charms
 + Level 1.8 Summonings
 + Level 1.8 Necromancy
 + Level 1.8 Translocations
 + Level 1.8 Transmutations
 + Level 1.8 Fire Magic
 + Level 1.8 Ice Magic
 + Level 1.8 Air Magic
 + Level 1.8 Earth Magic
 + Level 1.8 Poison Magic
 + Level 5.6 Invocations
 + Level 2.2 Evocations


You had 10 spell levels left.
You didn't know any spells.
Your spell library was empty.

Dungeon Overview and Level Annotations

Branches:
Dungeon (4/12)
 Temple: D:4-7

Altars:
Fedhas
Lugonu
Makhleb
Nemelex Xobeh


Innate Abilities, Weirdness & Mutations

Your experience applies equally to all skills.
You have very sharp teeth.
Your uncanny sense of smell can sniff out nearby items.


Message History

The gnoll hits you but does no damage. The yak gores you!
The yak gores you but does no damage. The yak gores you but does no damage.
A gnoll comes into view. It is wielding a +0 halberd.
The yak gores you!
* * * LOW HITPOINT WARNING * * *
The yak gores you!
* * * LOW HITPOINT WARNING * * *
The yak completely misses you.
It was a potion of might.
You feel very mighty all of a sudden. The yak misses you.
You barely miss the yak.
The yak is moderately wounded.
The yak gores you!
* * * LOW HITPOINT WARNING * * *
You barely miss the yak.
The yak is moderately wounded.
The yak gores you.
You die...

.# ..........#.#.......
.#### .......<..#gg.......
....## ..........##.......%
..†..##..........##...g....
.##...########..###........
.####.......###.######.....
## #.......# #gg# .#..#
#.......# ##Y# ...#
##.(....# #@# .....
#......####.## #.....
#.........#..##....
#......#...........
#.........#........
#......##..........
######..#<.......#.
.##................>.
.....................


You could see a yak and 2 gnolls.

Vanquished Creatures
  A yak (D:4)
  A water moccasin (D:4)
  A howler monkey (D:4)
  A crimson imp (D:3)
  Jessica (D:2)
  A hound zombie (D:3)
  3 adders
  2 oozes
  3 worms
  A dart slug (D:2)
  A leopard gecko (D:1)
  3 orcs
  2 ball pythons
  5 giant cockroaches
  9 goblins
  4 hobgoblins
  8 jackals
  2 quokkas (D:2)
  4 bats
  4 frilled lizards
  7 kobolds
  5 rats
69 creatures vanquished.

Notes
Turn   | Place    | Note
-------+----------+-------------------------------------------
     0 | D:1      | Freyura the Gnoll Monk began the quest for the Orb.
     0 | D:1      | Reached XP level 1. HP: 23/23 MP: 3/3
   164 | D:1      | Reached XP level 2. HP: 29/29 MP: 5/5
   259 | D:1      | Reached skill level 5 in Invocations
   269 | D:1      | Reached XP level 3. HP: 34/35 MP: 4/6
   594 | D:2      | Found a sparkling altar of Nemelex Xobeh.
   983 | D:2      | Noticed Jessica
   999 | D:2      | Killed Jessica
   999 | D:2      | Reached skill level 1 in Short Blades
   999 | D:2      | Reached skill level 1 in Long Blades
   999 | D:2      | Reached skill level 1 in Axes
   999 | D:2      | Reached skill level 1 in Polearms
   999 | D:2      | Reached skill level 1 in Staves
   999 | D:2      | Reached skill level 1 in Slings
   999 | D:2      | Reached skill level 1 in Bows
   999 | D:2      | Reached skill level 1 in Crossbows
   999 | D:2      | Reached skill level 1 in Throwing
   999 | D:2      | Reached skill level 1 in Armour
   999 | D:2      | Reached skill level 1 in Shields
   999 | D:2      | Reached skill level 1 in Unarmed Combat
   999 | D:2      | Reached skill level 1 in Spellcasting
   999 | D:2      | Reached skill level 1 in Evocations
   999 | D:2      | Reached XP level 4. HP: 32/41 MP: 5/7
  1043 | D:2      | Found a faded altar of an unknown god.
  1043 | D:2      | Found a blossoming altar of Fedhas.
  1052 | D:2      | Found a burning altar of Makhleb.
  1055 | D:2      | Found a faded altar of an unknown god.
  1057 | D:2      | Found a corrupted altar of Lugonu.
  1313 | D:2      | Found a faded altar of an unknown god.
  1381 | D:2      | Reached skill level 1 in Conjurations
  1381 | D:2      | Reached skill level 1 in Hexes
  1381 | D:2      | Reached skill level 1 in Charms
  1381 | D:2      | Reached skill level 1 in Summonings
  1381 | D:2      | Reached skill level 1 in Necromancy
  1381 | D:2      | Reached skill level 1 in Translocations
  1381 | D:2      | Reached skill level 1 in Transmutations
  1381 | D:2      | Reached skill level 1 in Fire Magic
  1381 | D:2      | Reached skill level 1 in Ice Magic
  1381 | D:2      | Reached skill level 1 in Air Magic
  1381 | D:2      | Reached skill level 1 in Earth Magic
  1381 | D:2      | Reached skill level 1 in Poison Magic
  1879 | D:3      | Reached XP level 5. HP: 25/47 MP: 6/8
  2355 | D:4      | Noticed a yak
  2532 | D:4      | Noticed a water moccasin
  2560 | D:4      | Killed a water moccasin
  2560 | D:4      | Reached XP level 6. HP: 16/53 MP: 4/10
  2702 | D:4      | Reached skill level 5 in Stealth
  2746 | D:4      | Noticed a yak
  2764 | D:4      | Killed a yak
  2764 | D:4      | Reached XP level 7. HP: 55/59 MP: 11/11
  2789 | D:4      | HP: 2/59 [yak (5)]
  2790 | D:4      | Slain by a yak

Skill      XL: |  1  2  3  4  5  6 |
---------------+-------------------+-----
Invocations    | 5 |  5.6
Short Blades   | 1 2 |  2.2
Long Blades    | 1 2 |  2.2
Axes           | 1 2 |  2.2
Polearms       | 1 2 |  2.2
Staves         | 1 2 |  2.2
Slings         | 1 2 |  2.2
Bows           | 1 2 |  2.2
Crossbows      | 1 2 |  2.2
Throwing       | 1 2 |  2.2
Armour         | 1 2 |  2.2
Shields        | 1 2 |  2.2
Unarmed Combat | 1 2 |  2.2
Spellcasting   | 1 2 |  2.2
Evocations     | 1 2 |  2.2
Conjurations   | 1 |  1.8
Hexes          | 1 |  1.8
Charms         | 1 |  1.8
Summonings     | 1 |  1.8
Necromancy     | 1 |  1.8
Translocations | 1 |  1.8
Transmutations | 1 |  1.8
Fire Magic     | 1 |  1.8
Ice Magic      | 1 |  1.8
Air Magic      | 1 |  1.8
Earth Magic    | 1 |  1.8
Poison Magic   | 1 |  1.8
Stealth        | 5 |  5.1
Fighting       | |  6.9
Maces & Flails | |  6.9
Dodging        | |  6.9

Action                   |  1- 3 |  4- 6 |  7- 9 || total
-------------------------+-------+-------+-------++-------
Melee: Mace              |   103 |   164 |     8 ||   275
       Bite              |     9 |    19 |       ||    28
       Punch             |       |     2 |       ||     2
  Use: Scroll            |     2 |     2 |       ||     4
       Potion            |       |     1 |     1 ||     2
 Stab: Sleeping          |     7 |     3 |       ||    10
  Eat: Chunk             |     3 |    10 |       ||    13
Armor: Robe              |    12 |       |       ||    12
       Ring mail         |     4 |    32 |     4 ||    40
Dodge: Dodged            |    79 |   121 |     6 ||   206
